 Dungeon Crawl Stone Soup version 0.24-a0-307-gf989941d98 (webtiles) character file.

Game seed: 5920591896408802746

4 MachJacob the Gusty (level 1, 0/14 HPs)
             Began as a Draconian Air Elementalist on May 13, 2019.
             Slain by a jackal (2 damage)
             ... on level 1 of the Dungeon.
             The game lasted 00:02:21 (128 turns).

MachJacob the Gusty (Draconian Air Elementalist)     Turns: 128, Time: 00:02:21

Health: 0/14       AC:  4    Str: 10    XL:     1   Next: 50%
Magic:  0/3        EV: 12    Int: 15    God:
Gold:   0          SH:  0    Dex: 11    Spells: 3/4 levels left

rFire    . . .     SeeInvis .   (no weapon)
rCold    . . .     Gourm    .   (no shield)
rNeg     . . .     Faith    .   (armour unavailable)
rPois    .         Spirit   .   (helmet restricted)
rElec    .         Reflect  .   (no cloak)
rCorr    .         Harm     .   (no gloves)
MR       .....                  (no boots)
Stlth    ++........             (no amulet)
HPRegen  0.04/turn              (no ring)
MPRegen  0.08/turn              (no ring)

@: no status effects
A: unfitting armour, cold-blooded, AC +4
a: no special abilities


You were on level 1 of the Dungeon.
You were not hungry.

You visited 1 branch of the dungeon, and saw 1 of its levels.

Inventory:

Potions
 a - a potion of haste {unknown}
Comestibles
 b - a ration


   Skills:
 + Level 1.8 Dodging
 + Level 1.8 Stealth
 + Level 2.0 Spellcasting
 + Level 1.1 Conjurations
 + Level 3.0 Air Magic


You had 3 spell levels left.
You knew the following spells:

 Your Spells              Type           Power        Failure   Level  Hunger
a - Shock                 Conj/Air       #...         10%         1    #......

Your spell library contained the following spells:

 Spells                   Type           Power        Failure   Level  Hunger
 Swiftness                Chrm/Air       #.......     19%         2    ###....
 Static Discharge         Conj/Air       #.......     28%         3    ###....
 Airstrike                Air            ##........   54%         4    #####..
 Lightning Bolt           Conj/Air       #.........   95%         5    ######.


Dungeon Overview and Level Annotations

Branches:
Dungeon (1/15)

Altars:


Innate Abilities, Weirdness & Mutations

Your plain brown scales are hard. (AC +4)
You cannot fit into any form of body armour.
You are cold-blooded and may be slowed by cold attacks.


Message History

Aim: a jackal (severely wounded) That beam is likely to hit you.
Continue anyway?
Okay, then.
Casting: Shock (safe; 10% risk of failure)
Confirm with . or Enter, or press ? or * to list all spells.
Aiming: Shock (safe; 10% risk of failure)
Press: ? - help, Shift-Dir - straight line, p - jackal The zap hits the jackal but does no damage.
The jackal is severely wounded.
The zap misses the jackal.
The jackal bites you but does no damage.
The jackal bites you.
* * * LOW HITPOINT WARNING * * *
Press: ? - help, v - describe, . - travel
Here: a jackal (severely wounded)
The floor.
The jackal misses you. The jackal barely misses you. The jackal bites you.
You die...

#..... ##.....#
.......# ##
.......#########.# ..
.....+....g.g..# ...
...##.#####..# ....
#.#..#####.##
##..###..).h@.....#
......#.##'''##...#
##......#....†#...#####
........#.....#........
##......#..<..#..######
#.###..#.....#..# #
#..#######..#
#........##.#
###.....#####.#


You could see a jackal.

Vanquished Creatures
  A giant cockroach (D:1)
  A jackal (D:1)
  A kobold (D:1)
  A rat (D:1)
4 creatures vanquished.

Notes
Turn   | Place    | Note
-------+----------+-------------------------------------------
     0 | D:1      | MachJacob the Draconian Air Elementalist began the quest
                  | for the Orb.
     0 | D:1      | Reached XP level 1. HP: 14/14 MP: 3/3
   128 | D:1      | Slain by a jackal

Levels and vault maps discovered:
D:1:      dpeg_arrival_windows_large_door, layout_basic,
          serial_co_window_serial, co_window_of_opportunity_a,
          co_window_of_opportunity_a, co_window_of_opportunity_a,
          co_window_paths_a, co_window_paths_b, co_window_corner_b,
          co_window_paths_c, co_window_unsneaky_path_c,
          co_window_unsneaky_path_b, co_window_cross_3, co_window_paths_e

Action                   || total
-------------------------++-------
Melee: Unarmed           ||     1
 Cast: Shock             ||    12
Armor: Skin              ||    18
Dodge: Dodged            ||    40

Table legend:
 A = Non-vault XP
 B = Vault XP
 C = Vault XP percentage of total XP
 D = Non-vault monster count
 E = Vault monster count
 F = Vault count percentage of total count
                 A         B        C        D         E       F
            +---------+---------+-------+---------+---------+-------
      Total |       6 |       0 |   0.0 |       4 |       0 |   0.0
            +---------+---------+-------+---------+---------+-------
        D:1 |       6 |       0 |   0.0 |       4 |       0 |   0.0
            +---------+---------+-------+---------+---------+-------
